 Dungeon Crawl Stone Soup version 0.29-a0-19-gef7f3e67aa (webtiles) character file.

Game seed: 10120352758422452714

262 Grim the Spear-Bearer (level 6, -3/47 HPs)
             Began as a Merfolk Berserker on Jan 29, 2022.
             Was a Believer of Trog.
             Slain by a howler monkey skeleton (4 damage)
             ... on level 6 of the Dungeon.
             The game lasted 00:06:08 (3247 turns).

Grim the Spear-Bearer (Merfolk Berserker)           Turns: 3247, Time: 00:06:08

Health: -3/47      AC:  1    Str: 17    XL:     6   Next: 18%
Magic:  6/6        EV: 12    Int:  8    God:    Trog [**....]
Gold:   111        SH:  0    Dex: 14    Spells: 5/5 levels left

rFire   . . .      SeeInvis .   a - +0 spear
rCold   . . .      Faith    .   (no shield)
rNeg    . . .      Spirit   .   b - +0 animal skin
rPois   .          Reflect  .   (no helmet)
rElec   .          Harm     .   j - +0 cloak
rCorr   .          Rampage  .   m - +0 pair of gloves
Will    .....                   i - +0 pair of boots
Stlth   +.........              (no amulet)
HPRegen 0.15/turn               (no ring)
MPRegen 0.10/turn               (no ring)

@: lethally poisoned (-3 -> -8), corroded, on berserk cooldown, slowed, very
slow
A: (nimble swimmer 2), mertail
a: Renounce Religion, Berserk, Trog's Hand


You were on level 6 of the Dungeon.
You worshipped Trog.
Trog was pleased with you.
You visited 1 branch of the dungeon, and saw 4 of its levels.

You collected 111 gold pieces.

Inventory:

Hand Weapons
 a - a +0 spear (weapon)
Missiles
 d - 114 stones
 e - 4 poisoned darts (quivered)
Armour
 b - a +0 animal skin (worn)
 i - a +0 pair of boots (worn)
 j - a +0 cloak (worn)
 m - a +0 pair of gloves (worn)
Jewellery
 k - a ring of flight
Scrolls
 c - a scroll of magic mapping {unknown}
 n - a scroll of teleportation {unknown}
 o - a scroll of blinking {unknown}
Potions
 f - 4 potions of mutation {unknown}
 g - a potion of haste {unknown}
 h - a potion of cancellation {unknown}
 l - a potion of attraction {unknown}


   Skills:
 - Level 3.2 Fighting
 + Level 9.7 Polearms
 - Level 1.3 Armour
 - Level 2.6 Dodging


You had 5 spell levels left.
You didn't know any spells.
Your spell library was empty.

Dungeon Overview and Level Annotations

Branches:
Dungeon (3/15)

Altars:
Okawaru

Shops:
D:1 (   D:2 =


Innate Abilities, Weirdness & Mutations

((You are very nimble when in or above water. (Stealth+, EV+, Speed+++)))
Your lower body shifts to a powerful aquatic tail in water.


Message History

The water moccasin poisons you! The howler monkey skeleton hits you.
* * * LOW HITPOINT WARNING * * *
You hit the water moccasin.
The water moccasin is heavily wounded.
You feel sick.
You closely miss the water moccasin.
The water moccasin is heavily wounded.
You feel sick. The water moccasin barely misses you.
The howler monkey skeleton barely misses you.
You hit the water moccasin.
The water moccasin is heavily wounded.
You feel sick.
The water moccasin completely misses you.
You hit the water moccasin.
The water moccasin is severely wounded.
You feel sick.
You hit the water moccasin.
The water moccasin is almost dead.
You are no longer berserk.
You are exhausted.
You feel yourself slow down.
You feel sick. The water moccasin bites you.
* * * LOW HITPOINT WARNING * * *
The howler monkey skeleton barely misses you.
You hit the water moccasin but do no damage.
The water moccasin is almost dead.
You feel sick. The water moccasin closely misses you.
The howler monkey skeleton hits you but does no damage.
You hit the water moccasin but do no damage.
The water moccasin is almost dead.
You feel sick. The water moccasin misses you.
The howler monkey skeleton hits you.
* * * LOW HITPOINT WARNING * * *
The water moccasin bites you.
* * * LOW HITPOINT WARNING * * *
You hit the water moccasin.
You kill the water moccasin!
Trog accepts your kill.
* * * LOW HITPOINT WARNING * * *
You feel sick. The howler monkey skeleton hits you.
You die...

^..#############..
......Z@†.........
...#######.#####.
#.......#
#.......#
...........#
...........#
......../..#
.............
..........$...


You could see a howler monkey skeleton.

Vanquished Creatures
  A water moccasin (D:6)
  A bullfrog (D:6)
  A howler monkey (D:6)
  A jelly (D:6)
  2 orc wizards (D:3)
  A white imp (D:3)
  A worm (D:2)
  A dart slug (D:1)
  4 orcs (D:3)
  4 ball pythons
  5 bats
  11 endoplasms
  3 giant cockroaches (D:1)
  3 goblins
  8 hobgoblins
  5 jackals
  5 kobolds
  A quokka (D:1)
  2 frilled lizards
  6 rats
66 creatures vanquished.

Notes
Turn   | Place    | Note
-------+----------+-------------------------------------------
     0 | D:1      | Grim the Merfolk Berserker began the quest for the Orb.
     0 | D:1      | Reached XP level 1. HP: 18/18 MP: 1/1
   202 | D:1      | Reached skill level 5 in Polearms
   218 | D:1      | Reached XP level 2. HP: 11/24 MP: 2/2
   735 | D:1      | Found Rejibb's Antique Weapon Emporium.
   840 | D:1      | Found a faded altar of an unknown god.
   950 | D:1      | Reached skill level 6 in Polearms
   950 | D:1      | Reached XP level 3. HP: 20/29 MP: 3/3
  1874 | D:2      | Reached ** piety under Trog
  1954 | D:2      | Reached XP level 4. HP: 33/35 MP: 4/4
  2081 | D:2      | Reached skill level 7 in Polearms
  2339 | D:2      | Found Momughow's Jewellery Emporium.
  2467 | D:3      | Found an iron altar of Okawaru.
  3181 | D:3      | Reached skill level 8 in Polearms
  3181 | D:3      | Reached XP level 5. HP: 38/41 MP: 5/5
  3211 | D:3      | You fall into a shaft and drop 3 floors!
  3214 | D:6      | Noticed a water moccasin
  3229 | D:6      | Reached skill level 9 in Polearms
  3232 | D:6      | Reached XP level 6. HP: 42/47 MP: 6/6
  3246 | D:6      | HP: 2/47 [water moccasin (6)]
  3247 | D:6      | Killed a water moccasin
  3247 | D:6      | Slain by a howler monkey skeleton

Illustrated notes

Levels and vault maps discovered:
D:1:      dpeg_arrival_erosion, layout_basic, serial_shops,
          nicolae_shop_competitors_out_of_business,
          shapermc_ecumenical_altar_petra, kennysheep_boxes
D:2:      layout_loops_cross, serial_shops, nicolae_shop_waterfront,
          minmay_tall_x
D:3:      layout_basic, mainiacjoe_overflow_tiny_flanked, tgw_sif
D:6:      layout_basic, riverfiend_overflow_shadow_ancestor

Skill      XL: |  1  2  3  4  5 |
---------------+----------------+-----
Polearms       | 5 6 8 9 |  9.7
Fighting       | |  3.2
Armour         | |  1.3
Dodging        | |  2.6

Action                   |  1- 3 |  4- 6 || total
-------------------------+-------+-------++-------
Melee: Spear             |   169 |    99 ||   268
       Punch             |     2 |     1 ||     3
Invok: Berserk           |     2 |     3 ||     5
 Stab: Sleeping          |     3 |     1 ||     4
Armor: Animal skin       |    17 |    18 ||    35
Dodge: Dodged            |    69 |    38 ||   107

Table legend: (Time is in decaauts)
 A = Elapsed time spent in this place.
 B = Non-inter-level travel time spent in this place.
 C = Inter-level travel time spent in this place.
 D = Time resting spent in this place.
 E = Time spent auto-exploring this place.
 F = Levels seen in this place.
 G = Mean time per level.
                   A        B        C        D        E       F      G
               +--------+--------+--------+--------+--------+-----+--------+
         Total |   3209 |   3143 |     66 |   1108 |   1566 |   4 |  802.2 |
       Dungeon |   3209 |   3143 |     66 |   1108 |   1566 |   4 |  802.2 |
               +--------+--------+--------+--------+--------+-----+--------+

Top non-repeatable levels by time:
     D:1: 1735 daAuts
     D:3: 805 daAuts
     D:2: 646 daAuts
     D:6: 22 daAuts
